 Dungeon Crawl Stone Soup version 0.31-a0-1338-gb567cfdca4 (webtiles) character file.

Game seed: 18379221931580090055

223 Rennog the Trooper (level 6, 0/52 HPs)
             Began as a Formicid Fighter on Dec 23, 2023.
             Killed from afar by Ijyb (4 damage)
             ... with a puff of flame
             ... on level 4 of the Dungeon.
             The game lasted 00:03:49 (2808 turns).

Rennog the Trooper (Formicid Fighter)               Turns: 2808, Time: 00:03:49

Health: 0/52       AC:  6    Str: 22    XL:     6   Next: 20%
Magic:  6/6        EV:  9    Int:  8    God:
Gold:   113        SH:  5    Dex: 13    Spells: 5/5 levels left

rFire   . . .        a - +0 flail
rCold   . . .        c - +0 buckler
rNeg    . . .        b - +0 scale mail
rPois   .            (helmet unavailable)
rElec   .            (no cloak)
rCorr   .            (no gloves)
SInv    +            (no boots)
Will    .....        (no amulet) Stlth
                     (no ring)
HPRegen 0.28/turn    (no ring)
MPRegen 0.10/turn

%: no passive effects
@: no status effects
A: permanent stasis, dig shafts and tunnels, antennae 3, four strong arms
a: Dig, Shaft Self


You were on level 4 of the Dungeon.
You visited 1 branch of the dungeon, and saw 4 of its levels.

You collected 113 gold pieces.

Inventory:

Hand Weapons
 a - a +0 flail (weapon)
Armour
 b - a +0 scale mail (worn)
 c - a +0 buckler (worn)
Jewellery
 i - a ring of ice
Wands
 k - a wand of charming (11)
Scrolls
 h - 3 scrolls of identify {unknown}
 j - 2 scrolls of enchant weapon {unknown}
 l - 2 scrolls of vulnerability {unknown}
 n - 2 scrolls of poison {unknown}
 o - a scroll of amnesia {unknown}
 p - a scroll of blinking {unknown}
Potions
 d - a potion of might
 e - 2 potions of heal wounds {unknown}
 f - a potion of resistance {unknown}
 g - a potion of curing {unknown}
 m - 2 potions of ambrosia {unknown}


   Skills:
 * Level 6.0 Fighting
 + Level 3.8 Maces & Flails
 - Level 3.3 Armour
 - Level 4.0 Shields


You had 5 spell levels left.
You didn't know any spells.
Your spell library contained the following spells:

 Spells                   Type           Power      Damage    Failure   Level
 Ensorcelled Hibernation  Hex/Ice        0%         N/A       91%         2
 Passwall                 Alch/Erth      0%         N/A       91%         2
 Swiftness                Air            Unusable   N/A       N/A         3

Dungeon Overview and Level Annotations

Branches:
Dungeon (4/15)
 Temple: D:4-7

Altars:
Cheibriados
Hepliaklqana
Vehumet
Wu Jian

Shops:
D:2 [   D:3 [

Annotations:
D:4 Ijyb


Innate Abilities, Weirdness & Mutations

You cannot be hasted, slowed, berserked, paralysed or teleported.
You can dig through walls and to a lower floor.
You have a pair of large antennae on your head. (SInv)
Your four strong arms can wield two-handed weapons with a shield.


Message History

You closely miss Ijyb.
Ijyb is heavily wounded.
Ijyb hits you with a +0 dagger.
You hit Ijyb.
Ijyb is severely wounded.
Ijyb zaps a wand.
The puff of flame hits you. Ijyb hits you but does no damage.
You hit Ijyb.
Ijyb is severely wounded.
Ijyb zaps a wand.
The puff of flame hits you!
You are too injured to fight recklessly!
You are too injured to fight recklessly!
You are too injured to fight recklessly!
You are too injured to fight recklessly!
You are too injured to fight recklessly!
You hit Ijyb but do no damage.
Ijyb is severely wounded.
You block Ijyb's attack.
You hit Ijyb but do no damage.
Ijyb is severely wounded.
Ijyb hits you but does no damage.
You hit Ijyb but do no damage.
Ijyb is severely wounded.
Ijyb zaps a wand.
The puff of flame hits you. Ijyb hits you with a +0 dagger.
* * * LOW HITPOINT WARNING * * *
You closely miss Ijyb.
Ijyb is severely wounded.
Ijyb screams, "Get away!"
Ijyb zaps a wand.
The puff of flame hits you!
* * * LOW HITPOINT WARNING * * *
You closely miss Ijyb.
Ijyb is severely wounded.
Ijyb hits you with a +0 dagger.
* * * LOW HITPOINT WARNING * * *
You hit Ijyb.
Ijyb is almost dead.
You block Ijyb's attack.
You closely miss Ijyb.
Ijyb is almost dead.
Ijyb zaps a wand.
The puff of flame hits you.
You die...

### #####.##
.. ..#)..##
...##......##
..........#
#.g....#
#@..# ##.##
#.# #.# ###.#
#...# #.###
##.# ##..#


You could see Ijyb.

Vanquished Creatures
  A phantom (D:4)
  2 orc wizards (D:3)
  3 adders
  A worm (D:2)
  A dart slug (D:3)
  3 orcs
  7 ball pythons
  3 endoplasms
  A giant cockroach (D:3)
  8 goblins
  7 hobgoblins
  7 jackals
  7 kobolds
  3 quokkas
  4 bats
  4 frilled lizards
  4 rats
66 creatures vanquished.

Notes
Turn   | Place    | Note
-------+----------+-------------------------------------------
     0 | D:1      | Rennog the Formicid Fighter began the quest for the Orb.
     0 | D:1      | Reached XP level 1. HP: 18/18 MP: 1/1
   121 | D:1      | Reached XP level 2. HP: 15/24 MP: 2/2
   496 | D:1      | Reached skill level 4 in Fighting
   496 | D:1      | Reached XP level 3. HP: 30/30 MP: 3/3
   663 | D:1      | Found a faded altar of an unknown god.
   772 | D:1      | Prayed at the altar of an unknown god.
   772 | D:1      | Became a worshipper of Vehumet
   772 | D:1      | Reached * piety under Vehumet
   772 | D:1      | Offered knowledge of Magic Dart by Vehumet.
   773 | D:1      | Fell from the grace of Vehumet
  1252 | D:2      | Found Toija's Antique Armour Boutique.
  1444 | D:2      | Reached XP level 4. HP: 37/38 MP: 4/4
  1706 | D:3      | Found a snail-covered altar of Cheibriados.
  1709 | D:3      | Found Olaem's Antique Armour Boutique.
  1806 | D:3      | Reached skill level 5 in Fighting
  2136 | D:4      | Reached XP level 5. HP: 36/44 MP: 5/5
  2435 | D:4      | Found an ornate altar of the Wu Jian Council.
  2477 | D:4      | Found a hazy altar of Hepliaklqana.
  2652 | D:4      | Noticed a phantom
  2676 | D:4      | Killed a phantom
  2677 | D:4      | Reached skill level 6 in Fighting
  2677 | D:4      | Reached XP level 6. HP: 34/52 MP: 6/6
  2791 | D:4      | Noticed Ijyb
  2808 | D:4      | Killed from afar by Ijyb

Illustrated notes

Levels and vault maps discovered:
D:1:      psy_arrival_spokes, layout_loops_ring, ebering_ecumenical_altar_rust
D:2:      layout_loops_cross, serial_shops, shop
D:3:      layout_rooms, mainiacjoe_overflow_concentric_impassable, serial_shops,
          shop
D:4:      layout_loops_corners, nicolae_wu_jian_immortal_techniques,
          lemuel_doored_altar, uniq_ijyb

Skill      XL: |  1  2  3  4  5 |
---------------+----------------+-----
Fighting       | 4 5 6 |  6.0
Maces & Flails | 3 |  3.8
Armour         | |  3.3
Shields        | |  4.0

Action                     |  1- 3 |  4- 6 || total
---------------------------+-------+-------++-------
  Melee: Flail             |    95 |   127 ||   222
 Invoke: Renounce Religion |     1 |       ||     1
 Armour: Scale mail        |    63 |    99 ||   162
  Dodge: Dodged            |    40 |    53 ||    93
  Block: Buckler           |    27 |    38 ||    65

Table legend: (Time is in decaauts)
 A = Elapsed time spent in this place.
 B = Non-inter-level travel time spent in this place.
 C = Inter-level travel time spent in this place.
 D = Time resting spent in this place.
 E = Time spent auto-exploring this place.
 F = Levels seen in this place.
 G = Mean time per level.
                   A        B        C        D        E       F      G
               +--------+--------+--------+--------+--------+-----+--------+
         Total |   2871 |   2782 |     89 |    152 |   2081 |   4 |  717.8 |
       Dungeon |   2871 |   2782 |     89 |    152 |   2081 |   4 |  717.8 |
               +--------+--------+--------+--------+--------+-----+--------+

Top non-repeatable levels by time:
     D:1: 949 daAuts
     D:2: 676 daAuts
     D:4: 629 daAuts
     D:3: 615 daAuts
